Map: Port Aleksander LE

Players

MrFrozen - Winner!

  • Race: Terran Terran
  • League: Diamond
  • Spawn Location: 5:00

Digis

  • Race: Protoss Protoss
  • League: Diamond
  • Spawn Location: 11:00

VOD

Have the link to the VOD?

Description

Time

  • Played on: Dec. 8, 2018, 6:17 p.m.
  • Length: 22:36
Show
View Real Time Build Order
Export as new Build Order

MrFrozen Terran - Winner!

Build Orders: Reaper Expand 

Get SALT Encoding   

  12  0:00  SCV  
  13  0:13  SCV  
  14  0:18  Supply Depot  
  14  0:25  SCV  
  15  0:39  SCV  
  15  0:40  Barracks  
  16  0:45  Refinery  
  16  0:52  SCV  
  17  1:04  SCV  
  18  1:16  SCV  
  19  1:29  Reaper  
  19  1:30  Orbital Command  
  20  1:49  Command Center  
  20  1:58  SCV  
  20  2:01  Marine  
  21  2:06  Supply Depot  
  22  2:10  SCV  
  23  2:21  Factory  
  23  2:26  Refinery  
  23  2:27  SCV  
  23  2:28  Barracks Reactor  
  24  2:39  SCV  
  24  2:41  Barracks  
  25  2:52  SCV  
  25  2:53  Bunker  
  26  3:03  Orbital Command  
  26  3:04  SCV  
  27  3:07  Factory Tech Lab  
  27  3:10  Marine  
  27  3:11  Marine  
  29  3:18  SCV  
  30  3:30  SCV  
  30  3:32  Barracks Tech Lab  
  30  3:33  Cyclone  
  34  3:41  Marine x2  
  34  3:42  SCV  
  34  3:45  SCV  
  34  3:48  Engineering Bay  
  38  3:50  Supply Depot  
  38  3:54  SCV, Stimpack  
  39  4:00  SCV  
  40  4:06  SCV  
  40  4:08  Marine x2, Marauder  
  40  4:09  Widow Mine  
  46  4:12  SCV  
  47  4:18  SCV  
  47  4:19  Terran Infantry Weapons Level 1  
  48  4:24  SCV  
  48  4:28  Marine x2  
  51  4:32  Supply Depot  
  51  4:33  Supply Depot  
  51  4:39  SCV x2  
  51  4:41  Starport  
  51  4:42  Factory Reactor  
  53  4:54  SCV x2  
  57  5:03  Command Center  
  57  5:06  SCV x2  
  57  5:13  Marine, Marauder, Refinery  
  57  5:14  Marine, Refinery  
  61  5:22  SCV x2  
  61  5:26  Medivac  
  61  5:27  Supply Depot  
  65  5:29  Medivac  
  65  5:34  SCV x2  
  69  5:38  Marine  
  70  5:44  Armory  
  70  5:48  Marine x2  
  72  5:50  Supply Depot  
  72  5:51  SCV  
  72  5:53  SCV, Supply Depot  
  72  5:56  Supply Depot  
  74  5:59  Widow Mine  
  76  6:06  SCV x2  
  78  6:11  Medivac x2  
  78  6:16  Orbital Command  
  78  6:17  Barracks  
  82  6:22  SCV x2  
  82  6:24  Marine x2  
  86  6:30  Terran Infantry Weapons Level 2  
  86  6:32  Drilling Claws  
  86  6:34  Widow Mine  
  86  6:35  Marauder  
  86  6:36  SCV  
  86  6:38  SCV  
  85  6:50  SCV x2  
  85  6:53  Orbital Command  
  87  6:58  Refinery  
  87  6:59  Marine  
  87  7:00  Marine, Marauder  
  89  7:04  Medivac x2, Barracks Tech Lab  
  89  7:05  Refinery  
  89  7:07  Barracks  
  84  7:17  SCV x2  
  86  7:25  SCV  
  86  7:27  Marine x2, Marauder x2  
  86  7:29  SCV, Widow Mine  
  96  7:33  Terran Vehicle Weapons Level 1  
  96  7:36  Factory, SCV  
  97  7:37  Supply Depot x2  
  97  7:38  SCV, Engineering Bay  
  97  7:41  SCV  
  99  7:48  SCV  
  99  7:50  SCV  
  107  7:53  SCV  
  107  7:56  Medivac x2  
  112  7:58  Supply Depot  
  112  8:00  Barracks Tech Lab  
  112  8:01  SCV  
  112  8:02  SCV  
  112  8:04  Command Center  
  108  8:05  SCV  
  108  8:06  Supply Depot  
  108  8:07  Marine  
  108  8:08  Marine, Marauder x2  
  115  8:13  SCV  
  115  8:14  Widow Mine  
  115  8:15  SCV  
  115  8:18  Terran Infantry Armor Level 1, SCV  
  120  8:22  Combat Shield, Concussive Shells, Marauder  
  120  8:23  Factory Reactor  
  120  8:25  Marine  
  120  8:26  SCV  
  124  8:27  SCV  
  124  8:29  Marauder  
  124  8:32  Marauder  
  124  8:33  Marine  
  130  8:34  SCV  
  130  8:38  SCV  
  130  8:39  SCV  
  133  8:43  Marauder  
  133  8:44  Viking  
  133  8:45  Viking  
  133  8:46  Starport  
  139  8:50  Marauder  
  139  8:54  Ghost Academy  
  140  8:56  SCV  
  140  9:01  Supply Depot  
  140  9:02  Supply Depot  
  141  9:16  SCV x2, Widow Mine x3  
  149  9:20  SCV  
  149  9:22  Refinery  
  149  9:23  Refinery  
  154  9:24  Marine x2, Marauder x3  
  154  9:25  Terran Infantry Weapons Level 3  
  154  9:26  Personal Cloaking  
  154  9:30  Supply Depot  
  158  9:32  Supply Depot  
  158  9:40  SCV  
  158  9:41  SCV  
  158  9:42  Marine  
  165  9:45  Marine x2, Marauder  
  165  9:46  Marauder  
  165  9:51  Widow Mine x2  
  171  9:53  Barracks  
  171  9:54  Barracks, SCV x2  
  171  9:55  Starport  
  171  9:57  Supply Depot  
  171  9:58  Terran Ship Weapons Level 1  
  171  9:59  Supply Depot  
  173  10:03  Ghost  
  173  10:04  Marine, Armory  
  173  10:05  Marine  
  173  10:06  Ghost x2  
  180  10:13  Planetary Fortress  
  180  10:22  Widow Mine  
  180  10:24  Widow Mine x2  
  180  10:26  Medivac  
  180  10:28  Medivac  
  190  10:32  Ghost  
  190  10:33  Marine  
  190  10:34  Marine, Ghost  
  190  10:35  Starport Reactor, Ghost  
  198  10:38  Starport Tech Lab  
  197  10:45  Fusion Core  
  197  10:59  Barracks Reactor x2  
  197  11:00  Ghost  
  173  11:30  Marine x3  
  173  11:31  Marauder x2  
  160  11:36  Marine x2  
  161  11:48  Liberator x3  
  161  11:49  Marauder  
  161  11:53  Marine x2  
  161  11:54  Marine, Marauder  
  165  11:55  Marauder  
  169  12:04  Marine  
  169  12:06  Advanced Ballistics  
  179  12:10  Marauder  
  179  12:15  Ghost  
  181  12:16  Marine x3, Marauder  
  181  12:17  Marine x2  
  181  12:18  Command Center, Widow Mine x3  
  194  12:25  SCV x2  
  194  12:26  SCV x2  
  198  12:31  Ghost  
  200  12:52  Terran Vehicle Weapons Level 2  
  200  12:56  Terran Ship Weapons Level 2  
  200  12:57  Terran Infantry Armor Level 2  
  150  13:49  Liberator  
  150  13:50  Liberator x2, Marine  
  150  13:51  Marine x2, Marauder x2  
  150  13:52  Marauder  
  159  13:56  Marine x2  
  161  14:06  Marine  
  171  14:13  Command Center, Marauder x2  
  169  14:27  Marine x2, Marauder  
  169  14:28  Marine x2  
  173  14:32  Liberator x2  
  173  14:33  Ghost  
  173  14:34  Marauder  
  173  14:36  Planetary Fortress  
  169  14:48  Ghost  
  168  14:55  Ghost  
  168  14:57  Orbital Command  
  164  15:06  Marine x2  
  164  15:07  Marauder  
  168  15:08  Marine  
  168  15:09  Widow Mine  
  168  15:10  Widow Mine  
  173  15:17  Marauder  
  175  15:23  SCV  
  175  15:24  SCV x4, Marauder  
  175  15:25  Marine x3  
  175  15:27  Raven  
  175  15:28  Marauder  
  189  15:33  Marine x3  
  192  15:39  Marauder  
  192  15:41  SCV  
  192  15:42  SCV x2  
  192  15:43  SCV x2, Marine x2  
  192  15:45  Marauder  
  192  15:47  Marine  
  192  15:49  Marauder  
  199  15:51  Marine  
  200  16:15  Terran Infantry Armor Level 3  
  200  16:16  Terran Vehicle Weapons Level 3  
  200  16:20  Terran Ship Weapons Level 3  
  187  16:45  Marine x3  
  187  16:46  Marauder  
  192  16:55  Marine x2  
  192  16:56  Marauder x2  
  176  17:28  Marine x2  
  176  17:29  Marine  
  172  17:34  Marine x2  
  172  17:35  Marine, Marauder x2  
  172  17:37  Marine  
  172  17:46  Marine  
  167  17:54  Marine x2  
  167  17:55  Marauder  
  167  17:57  Marine, Marauder x2  
  167  17:58  Marine  
  168  18:02  Marine  
  168  18:04  Widow Mine x2  
  168  18:05  Widow Mine  
  171  18:16  SCV, Marauder  
  171  18:17  SCV x3  
  171  18:18  Marauder x2  
  179  18:20  Marine x2  
  179  18:22  Command Center  
  179  18:26  Widow Mine  
  177  18:28  SCV  
  177  18:29  SCV  
  179  18:35  Barracks x3  
  179  18:38  Starport, Marauder  
  179  18:39  Command Center  
  181  18:41  Command Center  
  181  18:43  Command Center  
  181  18:45  Command Center  
  181  18:48  Marine x3  
  180  18:49  Marauder x2  
  185  18:59  Marine x3  
  185  19:00  Marauder  
  190  19:10  Marauder  
  177  19:28  Marine x4  
  177  19:29  Marine, Marauder x2  
  173  19:31  Marauder  
  173  19:32  Liberator x2, Marine  
  173  19:36  Widow Mine x3  
  174  19:46  Barracks Tech Lab x2, Marine x4, Barracks Reactor  
  174  19:47  Starport Reactor, Marine  
  174  19:50  Marauder x2  
  186  19:53  Marauder  
  178  20:07  Marine  
  178  20:08  Marine x2  
  178  20:09  Marine x2  
  178  20:10  Marine  
  178  20:11  Viking  
  178  20:12  Marauder x2  
  178  20:14  Marine  
  175  20:25  SCV x2, Marine x2  
  175  20:26  Marine  
  175  20:27  Marine x2  
  182  20:32  Marauder, Viking x4  
  182  20:33  Marauder  
  190  20:41  Viking  
  192  20:44  Marine, Refinery x2  
  192  20:45  Marine x6  
  199  20:53  Marine  
  200  21:02  Viking  
  175  21:09  Marine x3  
  175  21:10  Marauder  
  113  21:24  Marine  
  113  21:25  Marine x2, Marauder  
  117  21:26  Marauder  
  117  21:27  Marine x2  
  117  21:30  Marine  
  117  21:31  Marauder  
  117  21:32  SCV x2  
  123  21:35  Orbital Command  
  123  21:39  Viking x2  
  123  21:47  Orbital Command, Marauder x2  
  125  21:48  SCV x3  
  125  21:54  Orbital Command, Refinery  
  128  21:55  Refinery  
  128  22:00  SCV x3  
  131  22:03  Marine  
  131  22:04  Marine, Marauder  
  131  22:05  Marine x2  
  131  22:06  Marine  
  131  22:08  Marauder x2, Widow Mine x3  
  148  22:12  SCV  
Show
View Real Time Build Order
Export as new Build Order

Digis Protoss 

Build Orders: 1 Gate Expand 

Get SALT Encoding   

  12  0:00  Probe  
  13  0:12  Probe  
  14  0:18  Pylon  
  14  0:24  Probe  
  15  0:32  Probe  
  15  0:40  Gateway, Probe  
  17  0:51  Assimilator  
  17  0:53  Probe  
  18  1:05  Probe  
  19  1:17  Probe  
  20  1:30  Nexus  
  20  1:41  Cybernetics Core  
  20  1:46  Probe  
  21  1:53  Assimilator  
  21  1:58  Probe  
  21  2:00  Pylon  
  22  2:10  Adept, Probe  
  23  2:20  Warp Gate  
  23  2:22  Probe  
  26  2:34  Probe  
  26  2:35  Stalker  
  29  2:45  Robotics Facility  
  29  2:47  Probe  
  29  2:49  Probe  
  30  2:57  Probe  
  31  3:00  Probe  
  33  3:05  Stalker  
  33  3:07  Probe  
  36  3:13  Probe  
  36  3:19  Probe  
  38  3:25  Observer  
  38  3:31  Gateway  
  39  3:34  Gateway  
  39  3:35  Probe x2  
  41  3:44  Observer  
  41  3:45  Pylon  
  42  3:48  Pylon  
  42  3:50  Probe x2  
  44  4:00  Stalker  
  46  4:03  Probe  
  47  4:11  Observer  
  48  4:19  Nexus  
  48  4:22  Pylon  
  48  4:23  Shield Battery  
  48  4:32  Stalker  
  48  4:33  Sentry  
  48  4:38  Stalker  
  54  4:40  Probe x2  
  56  4:46  Assimilator  
  56  4:48  Assimilator, Immortal  
  56  4:51  Twilight Council  
  56  4:54  Probe x2  
  61  5:06  Probe x2  
  63  5:16  Stalker x2  
  63  5:17  Stalker  
  69  5:30  Probe x2  
  69  5:31  Probe  
  69  5:32  Warp Prism  
  74  5:43  Robotics Bay, Charge  
  74  5:52  Observer  
  74  5:54  Gateway  
  74  5:57  Gateway  
  74  5:58  Gateway  
  74  6:01  Probe  
  74  6:02  Probe  
  74  6:03  Pylon, Probe  
  77  6:07  Pylon  
  77  6:09  Pylon  
  77  6:18  Shield Battery  
  77  6:21  Stalker x2, Pylon  
  77  6:22  Stalker  
  83  6:37  Probe x3  
  82  6:47  Stalker x2  
  82  6:48  Stalker  
  82  6:49  Probe x2  
  82  6:50  Probe  
  91  6:57  Forge  
  91  6:59  Forge  
  91  7:01  Probe  
  91  7:02  Probe  
  91  7:03  Protoss Ground Armor Level 1, Protoss Ground Weapons Level 1  
  89  7:19  Zealot x3  
  89  7:20  Zealot x3  
  101  7:22  Assimilator  
  101  7:25  Assimilator  
  101  7:27  Pylon  
  101  7:29  Pylon  
  101  7:36  Templar Archives  
  101  7:37  Probe x2  
  101  7:38  Probe  
  101  7:40  Observer  
  105  7:49  Probe  
  105  7:50  Probe  
  107  7:52  Immortal  
  111  8:07  Gateway  
  111  8:08  Gateway, Psionic Storm  
  111  8:09  Gateway  
  111  8:12  Gateway  
  111  8:21  High Templar x4  
  111  8:25  Archon x2  
  119  8:27  Zealot x2  
  119  8:30  Nexus  
  119  8:32  Pylon  
  123  8:50  Protoss Ground Armor Level 2, Protoss Ground Weapons Level 2  
  123  8:53  Probe x3  
  126  8:57  High Templar x2  
  126  8:58  High Templar x3  
  126  8:59  Zealot  
  138  9:10  Probe x3  
  138  9:13  Pylon  
  141  9:20  Pylon  
  141  9:21  Pylon  
  141  9:25  Pylon  
  141  9:26  Pylon  
  141  9:28  Pylon  
  142  9:31  Probe  
  142  9:41  High Templar x3  
  148  9:47  Zealot x3  
  148  9:48  Zealot x4  
  162  9:57  Probe x2  
  162  9:58  Probe  
  165  10:00  Assimilator  
  165  10:04  Assimilator  
  165  10:09  Observer  
  165  10:17  High Templar x2  
  165  10:18  High Templar x2  
  165  10:19  Archon  
  173  10:22  Archon  
  173  10:23  Archon  
  173  10:26  Zealot x6  
  185  10:55  Robotics Bay  
  185  11:01  Robotics Facility  
  167  11:41  High Templar x4  
  167  11:42  Zealot x2, High Templar  
  167  11:43  Zealot x2  
  167  11:44  Zealot  
  169  12:00  Disruptor x2  
  161  12:10  Protoss Ground Armor Level 3, Protoss Ground Weapons Level 3  
  153  12:21  Zealot x4  
  153  12:22  Zealot x6  
  173  12:29  Disruptor  
  169  12:30  Disruptor  
  175  12:45  Robotics Facility  
  175  12:47  High Templar x4, Robotics Facility  
  175  12:48  Zealot, High Templar x2  
  175  12:49  Zealot x3  
  195  12:51  Nexus, Archon  
  195  12:52  Archon  
  195  12:53  Archon  
  195  12:54  Pylon  
  195  12:56  Pylon  
  195  13:14  Zealot  
  195  13:15  Zealot  
  181  14:03  Stargate  
  181  14:05  Zealot x6  
  181  14:06  Zealot x3, Stargate  
  181  14:07  Stargate  
  152  15:09  Disruptor x3  
  152  15:10  Disruptor  
  164  15:15  Zealot x6  
  164  15:16  Zealot x3  
  164  15:17  Fleet Beacon  
  174  15:47  Disruptor x4  
  182  15:52  Assimilator  
  182  15:56  Assimilator  
  178  16:02  Zealot x2  
  178  16:03  Zealot x5  
  178  16:04  Zealot x3  
  196  16:28  Tempest  
  193  16:45  Zealot x4  
  193  16:46  Zealot x6  
  191  16:52  Tempest  
  193  17:13  Tempest  
  187  17:17  Observer x2  
  187  17:18  Observer  
  190  17:25  Tempest  
  168  17:33  Zealot x5  
  168  17:34  Zealot x5  
  183  17:48  Tempest  
  173  18:03  High Templar x3  
  173  18:04  Zealot, High Templar x3  
  173  18:05  Zealot x3  
  176  18:06  Disruptor x3  
  176  18:07  Disruptor  
  176  18:08  Archon x2  
  176  18:09  Archon  
  177  18:14  Tempest x2  
  171  18:31  Tempest  
  172  18:42  Observer x2, Disruptor  
  172  18:44  Zealot  
  172  18:45  Zealot x6  
  172  18:46  Zealot x2  
  128  19:41  High Templar x6  
  128  19:42  High Templar x4  
  143  19:59  Probe x2  
  145  20:11  Probe  
  144  20:18  Zealot x2  
  148  20:23  Pylon x2  
  148  20:24  Pylon  
  148  20:25  Pylon x2  
  140  20:41  Zealot x6  
  66  21:33  Templar Archives  
  66  21:39  Observer, Pylon  
  66  21:42  Pylon  
  56  21:47  Disruptor x3  
  56  21:48  Disruptor  
  56  21:49  Gateway  
  56  21:50  Zealot x3  
  56  21:51  Zealot x3  
  56  21:52  Gateway  
  80  22:06  Nexus  
  80  22:08  Pylon  
  80  22:12  High Templar x3  
  80  22:14  Zealot x5  
  96  22:19  Nexus  
  96  22:22  Pylon  
  94  22:25  Pylon  
Tags
 
Add a new tag
Caveats
  • Supply blocks, unpowered buildings, or Contaminate may cause inaccurate times.
  • Supply counts are checked every 10 seconds.